 Dungeon Crawl Stone Soup version 0.21.0 (webtiles) character file.

518 Suckerboh the Ruffian (level 7, 0/67 HPs)
             Began as a Troll Monk on Jan 7, 2018.
             Succumbed to Eustachio's poison
             ... on level 4 of the Dungeon.
             The game lasted 00:05:03 (3029 turns).

Suckerboh the Ruffian (Troll Monk)                  Turns: 3029, Time: 00:05:04

Health: 0/67       AC:  5    Str: 20    XL:     7   Next: 1%
Magic:  15/15      EV: 17    Int: 11    God:
Gold:   107        SH:  0    Dex: 19    Spells: 6/6 levels left

rFire    . . .     SeeInvis .     - Unarmed
rCold    . . .     Gourm    +   (no shield)
rNeg     . . .     Faith    .   a - +0 robe
rPois    .         Spirit   .   (helmet restricted)
rElec    .         Reflect  .   (no cloak)
rCorr    .         Harm     .   (gloves unavailable)
MR       .....                  (boots unavailable)
Stlth    +++.......             (no amulet)
HPRegen  0.61/turn              q - ring of magical power
MPRegen  0.14/turn              (no ring)

@: brilliant, agile, lethally poisoned (0 -> -5)
A: large, unfitting armour, claws 3, fast metabolism 3, gourmand, regeneration
1, shaggy fur 1, tough skin 2
a: no special abilities


You were on level 4 of the Dungeon.
You were very full.

You visited 1 branch of the dungeon, and saw 4 of its levels.

You collected 107 gold pieces.

Inventory:

Armour
 a - a +0 robe (worn)
Jewellery
 e - an uncursed ring of ice
 q - a ring of magical power (left claw)
Scrolls
 c - 2 scrolls of identify {unknown}
 d - 2 scrolls of fear {unknown}
 f - a scroll of enchant weapon {unknown}
 g - 3 scrolls of teleportation {unknown}
 i - 3 scrolls of remove curse {unknown}
 j - a scroll of enchant armour {unknown}
 l - 2 scrolls of fog {unknown}
 m - 2 scrolls of magic mapping {unknown}
Potions
 h - a potion of curing {unknown}
 k - a potion of agility
 n - a potion of flight {unknown}
 p - a potion of brilliance
 r - a potion of mutation {unknown}
Comestibles
 b - 8 rations


   Skills:
 + Level 3.4 Fighting
 + Level 3.8 Dodging
 - Level 1.8 Stealth
 * Level 6.0 Unarmed Combat


You had 6 spell levels left.
You didn't know any spells.

Dungeon Overview and Level Annotations

Branches:
Dungeon (4/15)
 Temple: D:4-7

Altars:
Kikubaaqudgha
Vehumet

Annotations:
D:4 Eustachio


Innate Abilities, Weirdness & Mutations

You are too large for most types of armour.
You have claws for hands.
Your metabolism is lightning-fast.
You like to eat raw meat.
Your natural rate of healing is unusually fast.
You are covered in fur. (AC +1)
You have very tough skin. (AC +2)


Message History

You scratch Eustachio.
Eustachio is almost dead.
* * * LOW HITPOINT WARNING * * *
You feel sick.
The ufetubus hits you but does no damage.
The ufetubus closely misses you. Eustachio hits you but does no damage.
You are lethally poisoned!
The crimson imp misses you.
It was a potion of agility.
You feel agile all of a sudden.
* * * LOW HITPOINT WARNING * * *
You feel sick. The ufetubus completely misses you.
The ufetubus barely misses you.
The iron imp hits you but does no damage.
Eustachio casts a spell.
The crimson imp blinks!
The ufetubus closely misses you.
The ufetubus hits you but does no damage.
It was a potion of brilliance.
You feel clever all of a sudden.
You die...

........<.......#..
#..####...####+#..
##..##########.....
#............#.....
#............#.....
#.?..........#.....
##...###...###.....
####5..###...####'#..
#r.@@5..#.........+..
#....ยง..#.........#..
#.b.....#.........#..
##....###....##...#..
#....# ###+###...#..
#.5... +...#.. #.....
#...#.. +.....#
#...+.. #..


You could see Eustachio, an iron imp, a crimson imp, an ufetubus, a quokka and a
bat.

Vanquished Creatures
  Sigmund (D:2)
  An ogre (D:4)
  2 vampire bats (D:2)
  2 jellies (D:2)
  A hound skeleton (D:4)
  2 adders (D:3)
  9 oozes
  An adder skeleton (D:4)
  2 dart slugs
  2 leopard geckos (D:3)
  An orc (D:3)
  A bat skeleton (D:2)
  5 bat zombies (D:2)
  4 giant cockroaches
  6 goblins
  9 hobgoblins
  2 quokkas (D:2)
  2 bats
  5 frilled lizards
  13 kobolds
  5 rats
76 creatures vanquished.

Vanquished Creatures (others)
  A bat (D:2)
  8 toadstools (D:2)
9 creatures vanquished.

Grand Total: 85 creatures vanquished

Notes
Turn   | Place    | Note
-------+----------+-------------------------------------------
     0 | D:1      | Suckerboh the Troll Monk began the quest for the Orb.
     0 | D:1      | Reached XP level 1. HP: 22/22 MP: 0/0
   297 | D:1      | Reached XP level 2. HP: 29/29 MP: 1/1
  1066 | D:2      | Noticed Sigmund
  1166 | D:2      | Killed Sigmund
  1166 | D:2      | Reached skill level 4 in Unarmed Combat
  1166 | D:2      | Reached XP level 3. HP: 11/37 MP: 2/2
  1166 | D:2      | Reached XP level 4. HP: 14/45 MP: 3/3
  1166 | D:2      | Reached XP level 5. HP: 17/53 MP: 4/4
  1294 | D:2      | Found a faded altar of an unknown god.
  1525 | D:2      | Found a radiant altar of Vehumet.
  1796 | D:2      | Found an ancient bone altar of Kikubaaqudgha.
  1838 | D:2      | Reached XP level 6. HP: 60/61 MP: 5/5
  1977 | D:2      | Reached skill level 5 in Unarmed Combat
  2819 | D:4      | Reached skill level 6 in Unarmed Combat
  2861 | D:4      | Reached XP level 7. HP: 67/67 MP: 6/6
  3013 | D:4      | Noticed Eustachio
  3026 | D:4      | HP: 2/67 [iron imp[Eustachio] (10)]
  3029 | D:4      | Succumbed to Eustachio's poison

Skill      XL: |  1  2  3  4  5  6 |
---------------+-------------------+-----
Fighting       | 3 |  3.4
Dodging        | 3 |  3.8
Unarmed Combat | 4 6 |  6.0
Stealth        | |  1.8

Action                   |  1- 3 |  4- 6 |  7- 9 || total
-------------------------+-------+-------+-------++-------
Melee: Unarmed           |    31 |   156 |    10 ||   197
       Punch             |       |     2 |     1 ||     3
  Use: Potion            |       |       |     2 ||     2
 Stab: Sleeping          |     3 |     5 |       ||     8
  Eat: Chunk             |     4 |    24 |     1 ||    29
       Ration            |     1 |       |       ||     1
Armor: Robe              |     7 |    72 |    11 ||    90
Dodge: Dodged            |    11 |   130 |    31 ||   172
